 Dungeon Crawl Stone Soup version 0.13.0-7-g3df9ff1 (webtiles) character file.

308 MackTheKnife the Grave Robber (level 5, -2/35 HPs)
             Began as a Human Necromancer on Oct 16, 2013.
             Killed by divine providence
             ... invoked by an orc priest
              (11 damage)
             ... on Level 4 of the Dungeon.
             The game lasted 00:08:07 (3999 turns).

MackTheKnife the Grave Robber (Human Necromancer)   Turns: 3999, Time: 00:08:07

HP  -2/35        AC  4     Str  8      XL: 5   Next: 49%
MP   9/10        EV 11     Int 15      God:
Gold 166         SH  0     Dex 15      Spells:  4 memorised,  3 levels left

Res.Fire  : . . .   See Invis. : +   w - +0 flail
Res.Cold  : . . .   Warding    : .   i - +0 orc leather armour
Life Prot.: . . .   Conserve   : .   (no shield)
Res.Poison: .       Res.Corr.  : .   (no helmet)
Res.Elec. : .       Clarity    : .   (no cloak)
Sust.Abil.: . .     Spirit.Shd : .   o - +0 pair of gloves
Res.Mut.  : .       Stasis     : .   (no boots)
Res.Rott. : .       Flight     : .   (no amulet)
Saprovore : . . .                    (no ring)
                                     g - ring of see invisible

@: slightly resistant to hostile enchantments, fairly stealthy
A: no striking features
a: no special abilities


You were on level 4 of the Dungeon.
You were hungry.

You visited 1 branch of the dungeon, and saw 4 of its levels.

You collected 146 gold pieces.

Inventory:

Hand weapons
 w - a +0,+0 flail (weapon)
Armour
 a - a +0 robe
 i - a +0 orcish leather armour (worn)
 o - a +0 pair of gloves (worn)
Comestibles
 c - 3 bread rations
 h - 2 sausages
 k - a meat ration
 m - an apple
 p - a pear
 t - an apricot
Scrolls
 d - a scroll of identify
 l - 2 scrolls of remove curse
 n - a scroll of blinking {unknown}
 q - a scroll of enchant armour {unknown}
Jewellery
 g - a ring of see invisible (left hand)
 y - an uncursed ring of sustain abilities {unknown}
Potions
 f - 4 potions of curing {unknown}
 j - 2 potions of might {unknown}
 r - a potion of brilliance {unknown}
 s - a potion of magic {unknown}
 v - a potion of flight {unknown}
Books
 b - a book of Necromancy

   Spells                             Type                      Level
   *Pain                              Necromancy                   1
   *Animate Skeleton                  Necromancy                   1
   *Lethal Infusion                   Charms/Necromancy            2
   Vampiric Draining                  Necromancy                   3
   *Regeneration                      Charms/Necromancy            3
   Animate Dead                       Necromancy                   4
   Control Undead                     Necromancy                   4
 e - a Necronomicon {highlevel}

   This book is beyond your current level of understanding.

   Spells                             Type                      Level
   Borgnjor's Revivification          Necromancy                   7
   Haunt                              Necromancy/Summoning         7
   Death's Door                       Charms/Necromancy            8
   Necromutation                      Transmutation/Necromancy     8


   Skills:
 - Level 2.0 Dodging
 - Level 2.0 Stealth
 * Level 3.0 Spellcasting
 + Level 1.7 Charms
 + Level 5.0 Necromancy


You had 3 spell levels left.
You knew the following spells:

 Your Spells              Type           Power        Failure   Level  Hunger
a - Pain                  Necr           ###.         2%          1    #......
b - Animate Skeleton      Necr           N/A          2%          1    #......
c - Regeneration          Chrm/Necr      ##........   17%         3    ###....
d - Lethal Infusion       Chrm/Necr      ##........   10%         2    ##.....


Dungeon Overview and Level Annotations

Branches:
Dungeon (4/27)
 Temple: D:4-7

Altars:
Xom
Zin


Message History

The adder is severely wounded.
The adder closely misses you. The goblin hits you but does no damage.
The orc priest calls down the wrath of Beogh upon you.
Something smites you! The adder bites you.
* * * LOW HITPOINT WARNING * * *
Unknown command.
The goblin hits you with a dagger.
* * * LOW HITPOINT WARNING * * *
The adder barely misses you.
Casting: Pain
Confirm with . or Enter, or press ? or * to list all spells.
Aiming: Pain
Press: ? - help, Shift-Dir - straight line, f - adder
Aim: an adder (severely wounded)
The adder convulses in agony!
You kill the adder!
You are feeling hungry.
The orc priest invokes the aid of Beogh against you.
Something smites you!
You die...

. #. #. #. # ..
#.##. ...
####.##.#########
#.......<@.g..o.#
#.##.##########.#
... #.# #
%...#####.# .#
.#.........# o.
.....?....##.#.#
.#.........)o..#
#.#...##o##.###
#....... #


You could see an orc priest and a goblin.

Vanquished Creatures
  2 gnolls (D:3)
  4 adders
  A worm (D:3)
  2 giant geckos
  2 orcs
  2 ball pythons
  5 giant cockroaches
  9 goblins
  5 hobgoblins
  6 jackals
  A quokka (D:2)
  7 bats
  4 giant newts
  8 kobolds
  15 rats
73 creatures vanquished.

Vanquished Creatures (collateral kills)
  A gnoll (D:3)
  2 orcs (D:3)
  2 goblins (D:1)
  A kobold (D:3)
6 creatures vanquished.

Vanquished Creatures (others)
  An adder skeleton (D:3)
  A bat skeleton (D:3)
  A hobgoblin skeleton (D:1)
  A kobold skeleton (D:3)
  An orc skeleton (D:3)
  A rat skeleton (D:1)
6 creatures vanquished.

Grand Total: 85 creatures vanquished

Notes
Turn   | Place    | Note
--------------------------------------------------------------
     0 | D:1      | MackTheKnife, the Human Necromancer, began the quest for the Orb.
     0 | D:1      | Reached XP level 1. HP: 13/13 MP: 3/3
    33 | D:1      | Learned a level 1 spell: Animate Skeleton
   296 | D:1      | Reached XP level 2. HP: 5/19 MP: 0/4
   913 | D:1      | Found a shimmering altar of Xom.
   914 | D:1      | Found a shimmering altar of Xom.
   915 | D:1      | Found a shimmering altar of Xom.
   916 | D:1      | Found a shimmering altar of Xom.
  1148 | D:1      | Reached XP level 3. HP: 15/24 MP: 4/6
  1769 | D:2      | Found a glowing silver altar of Zin.
  1769 | D:2      | Found a shimmering altar of Xom.
  1769 | D:2      | Noticed an angel
  2068 | D:2      | Learned a level 3 spell: Regeneration
  2884 | D:3      | Reached skill level 1 in Charms
  2884 | D:3      | Reached XP level 4. HP: 16/30 MP: 0/8
  3282 | D:3      | Learned a level 2 spell: Lethal Infusion
  3582 | D:3      | Reached XP level 5. HP: 26/35 MP: 2/10
  3686 | D:3      | Reached skill level 5 in Necromancy
  3999 | D:4      | Killed from afar by an orc priest

Action                   |  1- 3 |  4- 6 || total
-------------------------+-------+-------++-------
Melee: Unarmed           |   112 |       ||   112
       Dagger            |    23 |       ||    23
       Whip              |       |    40 ||    40
       Flail             |       |    39 ||    39
Throw: Javelin           |     4 |       ||     4
 Cast: Pain              |    39 |    30 ||    69
       Animate Skeleton  |     6 |     5 ||    11
  Use: Scroll            |       |     5 ||     5
 Stab: Sleeping          |     1 |       ||     1
